Description

Roach Queen drop 41 drones Serral vs Maru IEM Katowice 2024 Game 1

VOD

https://www.youtube.com/watch?v=C0O7HJu8Yzc

Replay - Maru v Serral: Game 1 - [ESL] Hecate

Build Order

Get SALT Encoding   

  15  0:36  Hatchery  extractor trick
  15  0:48  Overlord  
  15  1:02  Spawning Pool  
  18  1:28  Extractor  rally only 2 drones in gas, one drone goes to natural otherwise wont have minerals for 2x queens right away
  19  1:49  Queen x2  
  19  1:50  Zergling  send across the map
  25  1:59  Overlord  
  29  2:24  Queen x2  
  33  2:35  Overlord  
  34  2:43  Overlord x2  34 35 overs
  43  3:08  Lair  
  45  3:16  Roach Warren  
  45  3:19  Extractor x2  
  50  3:36  Overlord  
  50  3:47  Hatchery  
  49  3:51  Pneumatized Carapace  
  49  3:56  Roach x4  
  53  4:06  Overseer  
  67  5:06  Ventral Sacs  put 4x queens. after moveout 1x queen and drone up the third
Spawning Tool Build Advisor. Get it on Overwolf

Analysis

Old build from pre hatch queen mineral changes Still works fine with a few adjustments

Go to:

Details

  • Created by: morphlinkk
  • Published on: Aug 08, 2025
  • Modified on: Aug 08, 2025
  • Patch: 5.0.11
  • Difficulty: Hard
Show
View Real Time Build Order
Export as new Build Order

Comments (0)

There are no comments. Be the first!

Create an account to comment!